Cogmind - Beta 10.1 @@@ ROGUE MODE // 2020.10.23 @ 14:17:16 Player: Demise Result: Destroyed by as-60170 with Assembled Rifle Performance ------------- Evolutions (0) 0 Regions Visited (3) 600 Robots Destroyed (32) 160 Value Destroyed (533) 533 Prototype IDs (31) 620 Alien Tech Used (0) 0 Bonus (300) 300 TOTAL SCORE: 2213 Bonus ------- Aligned with FarCom 300 Cogmind --------- Core Integrity 0/250 Matter 260/300 Energy 100/100 System Corruption 0% Temperature Cool (0) Movement Treading (200) Ox2 Location -10/Exiles Parts ------- > --- POWER (1) -------- (None) > --- PROPULSION (2) --- Light Treads Light Treads > --- UTILITY (2) ------ Humpback > --- WEAPON (2) ------- Heavy Assault Rifle > --- INVENTORY (24) --- Ion Engine Light Treads Skeleton Box Supersonic Drone Bay (1/1) Electrolaser EM Pulse Cannon Heavy Particle Cannon XL Autogun Array Katana Peak State ------------ > --- POWER ------------ Ion Engine > --- PROPULSION ------- Light Treads Light Treads > --- UTILITY ---------- Humpback > --- WEAPON ----------- EM Pulse Cannon Heavy Assault Rifle > --- INVENTORY -------- Ion Engine Nuclear Core Reinforced Deuterium Engine Light Fission Core Light Treads Large Storage Unit Large Storage Unit High-capacity Storage Unit High-capacity Storage Unit High-capacity Storage Unit High-capacity Storage Unit Humpback High-capacity Matter Pod Advanced Targeting Computer Electrolaser Heavy Particle Cannon Light Assault Rifle Grenade Launcher Datajack Katana Heavy Explosive Trap Heavy Explosive Trap Heavy Explosive Trap [Rating: 15] Favorites ----------- Power Ion Engine Engine Ion Engine Propulsion Light Treads Treads Light Treads Leg Aluminum Leg Utility Large Storage Unit Storage Large Storage Unit Weapon Light Assault Rifle Energy Gun EM Pulse Gun Energy Cannon EM Pulse Cannon Ballistic Gun Light Assault Rifle Special Weapon Mining Laser Special Melee Weapon Datajack Build | -11 -10 -10 -10 ------- Run | Scr Mat Min Exi Slots Evolved . | . . . . Power . | . . . . Propulsion . | . . . . Utility . | . . . . Weapon . | . . . . Parts Attached 25 | . 16 6 3 Power 2 | . 2 . . Engine 2 | . 2 . . Core . | . . . . Reactor . | . . . . Propulsion 5 | . 4 1 . Treads 5 | . 4 1 . Leg . | . . . . Wheel . | . . . . Hover . | . . . . Flight . | . . . . Utility 6 | . 4 1 1 Device . | . . . . Storage 6 | . 4 1 1 Processor . | . . . . Hackware . | . . . . Protection . | . . . . Artifact . | . . . . Weapon 12 | . 6 4 2 Energy Gun . | . . . . Energy Cannon 1 | . . 1 . Ballistic Gun 8 | . 4 3 1 Ballistic Cannon . | . . . . Launcher . | . . . . Special Weapon 2 | . 2 . . Impact Weapon . | . . . . Slashing Weapon . | . . . . Piercing Weapon . | . . . . Special Melee Weapon 1 | . . . 1 Unidentified Prototypes . | . . . . Parts Lost 3 | . 1 . 2 Power 2 | . 1 . 1 Propulsion . | . . . . Utility . | . . . . Weapon 1 | . . . 1 Highest Loss Streak 2 | . 1 . 2 Average Slot Usage (%) 94 | . 99 100 85 Engine 13 | . 13 14 13 Treads 27 | . 27 28 28 Storage 22 | . 27 28 15 Energy Gun 1 | . 3 . . Energy Cannon 4 | . . 7 6 Ballistic Gun 20 | . 23 20 16 Special Melee Weapon 1 | . . . 4 Naked Turns . | . . . . Heaviest Build 94 | 12 39 62 94 Greatest Support 40 | 20 40 40 40 Greatest Overweight (x) 2 | . . 1 2 Average Overweight (x) . | . . . 1 Largest Inventory Capacity 24 | 6 16 18 24 Average Capacity 18 | 6 13 16 23 Most Carried 24 | 6 16 18 24 Average Carried 15 | 6 12 16 17 Final Capacity 24 | 6 16 18 24 Final Carried 18 | 6 16 18 12 Class Distribution -------------------- 51% | Mutant 35% | Hauler-Mutant 12% | Scavenger-Mutant Dominant Class ---------------- Mutant | -10/Materials Mutant | -10/Mines Hauler-Mutant | -10/Exiles Resources | -11 -10 -10 -10 ----------- Run | Scr Mat Min Exi Matter Collected 768 | 202 433 103 30 Remotely . | . . . . Salvage Created 1002 | 87 875 . 40 Parts 63 | 5 58 . . Haulers Intercepted 2 | . 2 . . Recyclers Shooed 2 | . 2 . . Parts Field Recycled . | . . . . Retrieved Matter . | . . . . Parts Self-Destructed . | . . . . Prevented . | . . . . Kills | -11 -10 -10 -10 ------- Run | Scr Mat Min Exi Combat Hostiles Destroyed 22 | . 19 . 3 Guns 22 | . 19 . 3 Classes Destroyed 8 | 2 5 . 1 Tunneler 1 | 1 . . . Hauler 2 | . 2 . . Recycler 3 | 1 2 . . Operator 1 | . 1 . . Watcher 3 | . 3 . . Swarmer 9 | . 9 . . Grunt 10 | . 10 . . Assembled 3 | . . . 3 Best Kill Streak 6 | 2 6 . 3 Combat Bots Only 5 | . 5 . 3 Max Kills in Single Turn 1 | 1 1 . 1 Gunslinging . | . . . . Exploded . | . . . . Melee . | . . . . Uniques/NPCs Destroyed . | . . . . Combat | -11 -10 -10 -10 -------- Run | Scr Mat Min Exi Damage Taken 1287 | . 689 . 598 Core 257 | . 155 . 102 Absorbed by Shields . | . . . . Core Remaining (%) 100 | 100 . . . Volleys Fired 103 | 2 83 2 16 Largest 2 | 2 2 2 2 Hottest 100 | 60 100 83 43 Shots Fired 187 | 4 157 4 22 Gun 181 | 4 152 3 22 Cannon 1 | . . 1 . Launcher . | . . . . Special 5 | . 5 . . Kinetic 145 | 2 118 3 22 Thermal 5 | . 5 . . Explosive . | . . . . Electromagnetic 37 | 2 34 1 . Robot Hit Streak 18 | 3 18 2 5 Robot Miss Streak 3 | . 3 2 1 Penetration Max . | . . . . Secondary Targets 1 | . 1 . . Max Gunslinging Chain 1 | . 1 . . Shots Hit Robots 118 | 3 98 2 15 Core Hits 55 | 2 46 . 7 Critical Hits 3 | . 3 . . Critical Kills 2 | . 2 . . Critical Parts Destroyed 1 | . 1 . . Melee Attacks 1 | . . . 1 Impact . | . . . . Slashing . | . . . . Piercing . | . . . . Sneak Attacks 1 | . . . 1 Combat Hostiles . | . . . . Follow-up Attacks . | . . . . Damage Inflicted 1263 | 67 978 36 182 Guns 1162 | 27 943 10 182 Cannons 26 | . . 26 . Explosions 73 | 40 33 . . Melee . | . . . . Ramming 2 | . 2 . . Kinetic 772 | . 580 10 182 Thermal 73 | 40 33 . . Explosive . | . . . . Electromagnetic 416 | 27 363 26 . Impact . | . . . . Slashing . | . . . . Piercing . | . . . . Highest Corruption . | . . . . Average Corruption . | . . . . Corruption Purged . | . . . . Overload Shots . | . . . . Overflow Damage . | . . . . Projectiles . | . . . . Explosions . | . . . . Melee . | . . . . Knockbacks 1 | . 1 . . Impact 1 | . 1 . . Kinetic . | . . . . Secondary . | . . . . Self-Inflicted Damage . | . . . . Shots . | . . . . Rammed 1 | . 1 . . Targets Rammed 1 | . 1 . . Kicked . | . . . . Crushed . | . . . . Highest Temperature 76 | 20 76 42 22 Average Temperature 19 | 15 21 22 7 Received Heat Transfer 358 | . 198 . 160 Siege Activations . | . . . . Robots Corrupted 1 | . 1 . . Combat Hostiles . | . . . . Parts Fried 2 | . 2 . . Impact Corruptions . | . . . . Robots Melted . | . . . . Combat Hostiles . | . . . . Parts Melted 1 | . 1 . . Heat Transferred 50 | . 50 . . Parts Sabotaged . | . . . . Parts Stolen . | . . . . Parts Stripped . | . . . . Power Chain Reactions 2 | 1 1 . . Missiles Intercepted . | . . . . Alert | -11 -10 -10 -10 ------- Run | Scr Mat Min Exi Peak Influence 274 | 10 274 39 . Initial 39 | . 6 39 . Average 79 | 8 122 13 . Maximum Alert Level 1 | . 1 . . Low Security (%) 91 | 100 85 100 . Level 1 8 | . 14 . . Level 2 . | . . . . Level 3 . | . . . . Level 4 . | . . . . Level 5 . | . . . . High Security . | . . . . Max Security . | . . . . Squads Dispatched 6 | . 5 1 . Investigation 3 | . 2 1 . Extermination . | . . . . Reinforcement 3 | . 3 . . Assault . | . . . . Garrison . | . . . . Intercept . | . . . . Construction Impeded . | . . . . Haulers Reinforced . | . . . . Stealth | -11 -10 -10 -10 --------- Run | Scr Mat Min Exi Distress Signals 1 | . 1 . . Communications Jammed . | . . . . Distress Signals . | . . . . Times Spotted 39 | . 30 2 7 Peak Tracking Total 9 | . 4 2 9 Tactical Retreats 2 | . 1 1 . Traps | -11 -10 -10 -10 ------- Run | Scr Mat Min Exi Traps Triggered 1 | . 1 . . Indirectly . | . . . . Trap Hack Attempts . | . . . . Triggered . | . . . . Disarmed . | . . . . Reprogrammed . | . . . . Reused 2 | . . . 2 Traps Extracted . | . . . . Installed 3 | . . . 3 Triggered . | . . . . Exploded 2 | . . . 2 Machines | -11 -10 -10 -10 ---------- Run | Scr Mat Min Exi Machines Disabled 3 | . 1 . 2 Max in Single Turn 1 | . 1 . 1 Machines Sabotaged . | . . . . Garrisons Compromised . | . . . . Overloaded Fab Kills . | . . . . Fab Network Shutdowns . | . . . . Hacking | -11 -10 -10 -10 --------- Run | Scr Mat Min Exi Machines Accessed 9 | . 6 1 2 Terminals 4 | . 4 . . Fabricators . | . . . . Repair Stations 1 | . 1 . . Recycling Units 1 | . 1 . . Scanalyzers . | . . . . Garrison Access . | . . . . Total Hacks 19 | . 16 1 2 Successful 13 | . 10 1 2 Failed 6 | . 6 . . Catastrophic 1 | . 1 . . Database Lockouts . | . . . . Manual 15 | . 14 . 1 Terminals 13 | . 13 . . Fabricators . | . . . . Repair Stations 2 | . 2 . . Recycling Units 1 | . 1 . . Scanalyzers . | . . . . Garrison Access . | . . . . Terminal Hacks 6 | . 3 1 2 Record 1 | . . . 1 Part Schematic 2 | . 2 . . Open Door 1 | . . 1 . Terminal Index 1 | . 1 . . EX-Prototype ID Bank 1 | . . . 1 Fabricator Hacks . | . . . . Repair Station Hacks 2 | . 2 . . Scan Component 1 | . 1 . . Repair 1 | . 1 . . Recycling Unit Hacks 1 | . 1 . . Report Inventory 1 | . 1 . . Scanalyzer . | . . . . Garrison Access Hacks . | . . . . Unauthorized Hacks 4 | . 4 . . Terminals 4 | . 4 . . Botnet 3 | . 3 . . Operators 1 | . 1 . . Fabricators . | . . . . Repair Stations . | . . . . Recycling Units . | . . . . Scanalyzers . | . . . . Garrison Access . | . . . . Data Cores Recovered . | . . . . Used . | . . . . Hacking Detections 5 | . 5 . . Full Trace Events 2 | . 2 . . Feedback Events . | . . . . Feedback Blocked . | . . . . Robot Schematics Acquired . | . . . . Robots Built . | . . . . Matter . | . . . . Time . | . . . . Total Robot Build Rating . | . . . . Part Schematics Acquired 2 | . 2 . . Parts Built . | . . . . Matter . | . . . . Time . | . . . . Total Part Build Rating . | . . . . Parts Repaired 1 | . 1 . . Time 26 | . 26 . . Parts Recycled . | . . . . Recycled Matter . | . . . . Retrieved Matter . | . . . . Retrieved Components . | . . . . Parts Scanalyzed . | . . . . Part Schematics Acquired . | . . . . Parts Damaged . | . . . . Bothacking | -11 -10 -10 -10 ------------ Run | Scr Mat Min Exi Used RIF Installer . | . . . . Robots Hacked 1 | . . . 1 Non-combat . | . . . . Combat 1 | . . . 1 Robot Hacks Applied 1 | . . . 1 parse_system 1 | . . . 1 Relay Couplers Released . | . . . . Robots Rewired . | . . . . Allies Hacked . | . . . . Hacks Repelled . | . . . . Allies | -11 -10 -10 -10 -------- Run | Scr Mat Min Exi Total Allies . | . . . . Largest Group . | . . . . Highest-Rated Group . | . . . . Highest-Rated Ally . | . . . . Total Orders . | . . . . Ally Attacks . | . . . . Total Damage . | . . . . Kills . | . . . . Allies Corrupted . | . . . . Allies Melted . | . . . . Intel | -11 -10 -10 -10 ------- Run | Scr Mat Min Exi Robot Analysis Total . | . . . . Derelict Logs Recovered 1 | . . 1 . Drone Launches . | . . . . Drone Recoveries . | . . . . Exploration | -11 -10 -10 -10 ------------- Run | Scr Mat Min Exi Turns Passed 4799 | 11 1760 1145 1883 Spaces Moved 2427 | 5 860 658 904 Core . | . . . . Treads 2393 | . 831 658 904 Legs 34 | 5 29 . . Wheels . | . . . . Hover . | . . . . Flight . | . . . . Fastest Speed 120 | 120 120 160 160 Average Speed 176 | 120 158 169 197 Slowest Speed 200 | 120 160 180 200 Overloaded Moves . | . . . . Propulsion Burnouts . | . . . . Robots Hopped . | . . . . Cave-ins Triggered . | . . . . Exploration Rate (%) 67 | 2 98 99 71 Regions Visited 3 Branch Regions 2 Pre-discovered Areas 2 | . . 1 1 Known Exits Taken . | . . . . Unknown Exits Taken 3 | 1 1 1 . Scrap Searched 1 | . . 1 . Spaces Dug 4 | . 4 . . Terrain Destroyed 10 | 2 8 . . Melee . | . . . . Projectile 5 | . 5 . . AOE 5 | 2 3 . . Terrain Rammed . | . . . . Walls Destroyed . | . . . . Machines Disabled . | . . . . Actions | -11 -10 -10 -10 --------- Run | Scr Mat Min Exi Total 2812 | 6 1120 690 996 Wait 125 | . 124 1 . Move 2424 | 4 859 657 904 Hop . | . . . . Pick Up 67 | . 20 12 35 Fast Attach 5 | . 3 1 1 Attach 6 | . 2 2 2 Detach 2 | . . . 2 Swap 14 | . 11 3 . Drop 61 | . 17 12 32 Fire 103 | 2 83 2 16 Melee 1 | . . . 1 Ram . | . . . . Kick . | . . . . Crush 1 | . 1 . . Escape Stasis . | . . . . Rewire . | . . . . Trap 3 | . . . 3 Miscellaneous . | . . . . Route ------- -11/Scrapyard -10/Materials (discovered 4 exits: [*Mat x3] / *Min) -10/Mines (discovered 3 exits: [*Mat x2] / *Exi) -10/Exiles (discovered 2 exits: [*Min x2]) History --------- Turn | Location | Event 1 | -11/Scrapyard | Discovered new exit (range 2) 12 | -11/Scrapyard | Entered Materials 305 | -10/Materials | Build established: Mutant 537 | -10/Materials | Discovered new exit (range 3) 715 | -10/Materials | Discovered new exit (range 10) 887 | -10/Materials | Discovered new exit (range 16) 1159 | -10/Materials | Core integrity fell below 50% 1357 | -10/Materials | Discovered new exit (range 10) 1449 | -10/Materials | Repaired Lgt. Treads 1772 | -10/Materials | Entered Mines 1864 | -10/Mines | Discovered new exit (range 10) 1937 | -10/Mines | Discovered new exit (range 7) 2008 | -10/Mines | Assembled infested the area 2019 | -10/Mines | Build established: Scavenger-Mutant 2317 | -10/Mines | Met a Derelict shopkeep closing up shop 2419 | -10/Mines | Learned location of Storage (-7) 2557 | -10/Mines | Learned 2 Materials zone layouts 2616 | -10/Mines | Build established: Mutant 2673 | -10/Mines | Found a hidden stash of uninstalled traps 2748 | -10/Mines | Joined a pair of Derelicts in attacking an 0b10 outpost 2910 | -10/Mines | Deemed a non-threat by the Exiles lab entrance 2910 | -10/Mines | Discovered new exit (range 5) 2917 | -10/Mines | Entered Exiles 2944 | -10/Exiles | Discovered new exit (range 15) 3010 | -10/Exiles | Met 8R-AWN 3039 | -10/Exiles | Met EX-HEX 3218 | -10/Exiles | Met EX-DEC 3252 | -10/Exiles | Learned location of Zion (-6) 3414 | -10/Exiles | Build established: Hauler-Mutant 3563 | -10/Exiles | Met EX-BIN 3591 | -10/Exiles | Aligned with FarCom system 3593 | -10/Exiles | Given EX-Vault access code 3639 | -10/Exiles | Opened EX-Vault 3687 | -10/Exiles | Warned to stay clear of 0b10 Research branches 3811 | -10/Exiles | Discovered new exit (range 14) 4598 | -10/Exiles | Found XL Autogun Array 4605 | -10/Exiles | Found Skeleton Box 4608 | -10/Exiles | Found Supersonic Drone Bay 4744 | -10/Exiles | Attacked by the Exiles 4788 | -10/Exiles | Core integrity fell below 20% 4800 | -10/Exiles | Destroyed by as-60170 with Assembled Rifle Last Messages --------------- 04737_ Dropped Rigged Lgt. Fission Core. 04743_ Machine disabled. 04744_ EXILES: Hostile robot within lab perimeter. Defensive protocols time, folks! 04745_ Rigged Lgt. Fission Core explodes. 04745_ Machine disabled. 04751_ Dropped Rigged Rnf. Deuterium Engine. 04758_ Dropped Rigged Nuclear Core. 04766_ Rigged Rnf. Deuterium Engine explodes. 04766_ as-06142 destroyed. 04769_ Rigged Nuclear Core explodes. 04769_ as-12424 destroyed. 04781_ as-60724 destroyed. 04782_ Ion Engine destroyed. 04786_ Machine disabled. 04789_ Lgt. Assault Rifle destroyed. 04791_ Destroyed Asb. Hover Unit. 04793_ as-87194 destroyed. 04797_ as-79310 destroyed. 04798_ Acquired 10 matter. Map ----- +----------------------------------------------------+ | ?????????????????????????????????????????????????? | | ?????????????????????????????????????????????????? | | ?????????????????????????????????????????????????? | | ?????????????????????????????????????????????????? | | ????????#####????????????????????????????????????? | | ???????## ##???????????????????????????????????? | | ???????# #???????????????????????????????????? | | ???????# < #???????????????????????????????????? | | ???????# ###?????????????????????????????????? | | ???????# !! #?????????????????????????????????? | | ???????# !]!! ##?????????????????????????????????? | | ???????##/!!!!#??????????????????????????????????? | | ????????# !!! ##?????????????????????????????????? | | ????????## ! #????????????#######??????????????? | | ?????????# #######??????# !! "#??????????????? | | ?????????# # "##?????# "#??????????????? | | ?????????## #?????# "#??????????????? | | ??????????##" ##???## ""#?????????????#? | | ??????????#"" #####" ""#???????????? " | | ??????????#### ##" ""#????????????" " | | ?????????????## #"" ###????????????" | | ??????????????#"## #?????????????"" | | ??????????????####### ##????????????"" | | ????????????????????### "#???????????? | | ??????????????########" %a a ###???????????" | | ??????????????# !!""""" @% ;#??????????# | | ??????????????#! "###"" ######???### | | ??????????????# !!"#?##" % "#####X# | | ??????????????# !!##??#" | | ??????????????# """"""###???#"# % | | ??????????????##########?????#### | | ????????????????????????????????##" | | ??????????????????????????????????### | | ????????????????????????????????????## | | ?????????????????????????????????????## | | ??????????????????????????????????????##" | | ???????????????????????????????????????#"" | | ??????????????????????????????????????##" | | ??????????????????????????????????????#"" | | ?????????????????????????????????????##""" | | ?????????????????????????????????????#""" | | ?????????????????????????????????????#""" | | ?????????????????????????????????????#"" ^ | | ?????????????????????????????????????#""" | | ?????????????????????????????????????#"" | | ?????????????????????????????????????##"" | | ??????????????????????????????????????#"""" | | ??????????????????????????????????????## | | ???????????????????????????????????????#" | | ???????????????????????????????????????#"""" | +----------------------------------------------------+ Best States ------------- Heat Dissipation 25 Energy Generation 10 Energy Capacity 250 Matter Stores 300 Matter Capacity 300 Sight Range 16 Terrain Scan Density 10 Evasion (%) 40 Recoil Reduction 2 Item Schematics ----------------- Hcp. Storage Unit | -10/Materials | Hacked Lrg. Storage Unit | -10/Materials | Hacked Robot Schematics ------------------ None Fabricated ------------ Nothing Alien Tech Used ----------------- None Achievements -------------- None Challenges ------------ None Game ------ Seed PlasmaOverloadAmplifier Manual? 0 Play Time 00:26:46 Cumulative 35.8 hours Start 2020.10.23 @ 13:51:44 End 2020.10.23 @ 14:17:16 Sessions 1 Manual Loads 0 Difficulty Rogue Special Mode None Game No. 34 Rogue 34 Adventurer 0 Explorer 0 Win Type - Total 0 Types 0/0/0/0/0/0/0/0/0 Lore% 39 Gallery% 39 Achievement% 48 Wizard Run 0 Options --------- ASCII 0 Keyboard 1 Movement Numpad Keybinds 0 Fullscreen 1 Font 12/Terminus Map View 83x54 Tactical HUD 1 Map Filters NONE Filters NONE Steam 1 RUN: 412d5d23-6d19-4f3a-8359-bb7212867d66